 Dungeon Crawl Stone Soup version 0.21-a0-625-g1119ec1 (webtiles) character file.

44 tidbits the Insei (level 3, 9/28 HPs)
             Began as a Gnoll Transmuter on Dec 24, 2017.
             Was a Follower of Okawaru.
             Quit the game on level 3 of the Dungeon.
             The game lasted 00:02:38 (405 turns).

tidbits the Insei (Gnoll Transmuter)                 Turns: 405, Time: 00:02:39

Health: 9/28       AC:  2    Str: 12    XL:     3   Next: 60%
Magic:  7/9        EV: 14    Int: 16    God:    Okawaru [*.....]
Gold:   44         SH:  0    Dex: 15    Spells: 6/12 levels left

rFire    . . .     SeeInvis .     - Unarmed
rCold    . . .     Gourm    .   (no shield)
rNeg     . . .     Faith    .   b - +0 robe
rPois    .         Spirit   .   (no helmet)
rElec    .         Reflect  .   (no cloak)
rCorr    .         Harm     .   (no gloves)
MR       .....                  (boots currently unavailable)
Stlth    ++........             (no amulet)
HPRegen  0.09/turn              (no ring)
MPRegen  0.11/turn              (no ring)

@: appendage
A: distributed training, fangs 1, talons 3, strong nose
a: End Transformation, Heroism, Renounce Religion


You were on level 3 of the Dungeon.
You worshipped Okawaru.
Okawaru was aware of your devotion.
You were not hungry.
You had grown temporary talons.
You visited 1 branch of the dungeon, and saw 3 of its levels.

You collected 44 gold pieces.

Inventory:

Hand Weapons
 k - a +0 short sword
Missiles
 a - 10 arrows
 l - 6 tomahawks (quivered)
Armour
 b - a +0 robe (worn)
Jewellery
 n - an uncursed ring of fire
   (You found it on level 2 of the Dungeon)
Scrolls
 e - a scroll of identify
 g - a scroll of teleportation {unknown}
 q - a scroll of fear {unknown}
Potions
 f - a potion of ambrosia
 h - a potion of magic
 i - 2 potions of curing {unknown}
 j - a potion of cancellation {unknown}
 m - a potion of invisibility {unknown}
 o - a potion of degeneration {unknown}
 p - a potion of brilliance {unknown}
Books
 c - a book of Changes

   Spells                             Type                      Level
   a - Beastly Appendage              Transmutation                1
   b - Sticks to Snakes               Transmutation                2
   c - Spider Form                    Transmutation/Poison         3
   d - Ice Form                       Ice/Transmutation            4
   e - Blade Hands                    Transmutation                5
Comestibles
 d - 3 rations


   Skills:
 + Level 2.6 Fighting
 + Level 0.8 Short Blades
 + Level 0.8 Long Blades
 + Level 0.8 Axes
 + Level 0.8 Maces & Flails
 + Level 0.8 Polearms
 + Level 0.8 Staves
 + Level 0.8 Slings
 + Level 0.8 Bows
 + Level 0.8 Crossbows
 + Level 0.8 Throwing
 + Level 0.8 Armour
 + Level 4.5 Dodging
 + Level 0.8 Stealth
 + Level 0.8 Shields
 + Level 6.5 Unarmed Combat
 + Level 5.0 Spellcasting
 + Level 0.5 Conjurations
 + Level 0.5 Hexes
 + Level 0.5 Charms
 + Level 0.5 Summonings
 + Level 0.5 Necromancy
 + Level 0.5 Translocations
 + Level 3.7 Transmutations
 + Level 0.5 Fire Magic
 + Level 0.5 Ice Magic
 + Level 0.5 Air Magic
 + Level 0.5 Earth Magic
 + Level 0.5 Poison Magic
 + Level 1.0 Invocations
 + Level 0.8 Evocations


You had 6 spell levels left.
You knew the following spells:

 Your Spells              Type           Power        Failure   Level  Hunger
e - Beastly Appendage     Tmut           ###...       3%          1    None
k - Sticks to Snakes      Tmut           ###.....     4%          2    #......
p - Spider Form           Tmut/Pois      ##........   19%         3    ###....


Dungeon Overview and Level Annotations

Branches:
Dungeon (3/15)

Altars:
Okawaru


Innate Abilities, Weirdness & Mutations

Your experience applies equally to all skills.
You have very sharp teeth.
Your uncanny sense of smell can sniff out nearby items.
You have claws for feet.


Message History

Your transformation is almost over.
You kill the hobgoblin!
Your Spellcasting skill increases to level 5!
A bat comes into view.
Things that are here:
a club; 3 gold pieces You see here a ration.
d - 3 rations (gained 1)
You see here a peridot ring.
n - a peridot ring Put on which piece of jewellery? (? for menu, Esc to quit)
You feel more attuned to fire.
n - a ring of fire (left front leg)
You remove your ring of fire.
Your transformation has ended.
Your +0 robe unmelds from your body.
You see here a lumpy golden potion.
o - a lumpy golden potion Your magical contamination has completely faded away.
You see here a puce potion.
p - a puce potion
Casting: Spider Form
Confirm with . or Enter, or press ? or * to list all spells.
Your feet morph into talons.
There is a stone staircase leading down here.
You climb downwards.
A hobgoblin and an orc come into view.
There is a stone staircase leading up here.
The hobgoblin shouts!
You hear a shout!
A kobold comes into view.
You hit the hobgoblin.
You kill the hobgoblin!
A hound skeleton comes into view.
You hit the orc. You claw the orc.
You kill the orc!
Your transformation is almost over.
You barely miss the kobold. Your kick misses the kobold. The kobold misses you.
You miss the kobold. The kobold hits you.
* * * LOW HITPOINT WARNING * * *
You hit the kobold.
You kill the kobold!
Things that are here:
a hand axe; a kobold corpse Your talons disappear.
Casting: Beastly Appendage
Confirm with . or Enter, or press ? or * to list all spells.
Your feet morph into talons.
The hound skeleton bites you.
* * * LOW HITPOINT WARNING * * *
You barely miss the hound skeleton. The hound skeleton barely misses you.
You completely miss the hound skeleton. The hound skeleton barely misses you.
You hit the hound skeleton. You claw the hound skeleton.
The hound skeleton is heavily damaged.
The hound skeleton bites you.
* * * LOW HITPOINT WARNING * * *
You hit the hound skeleton. You claw the hound skeleton!
You destroy the hound skeleton!
Your Invocations skill increases to level 1!
Found a scroll labeled LIAFOU DUWE.
A rat comes into view.
Found 15 stones.
You see here a scroll labeled LIAFOU DUWE.
q - a scroll labeled LIAFOU DUWE
Casting: Beastly Appendage
Confirm with . or Enter, or press ? or * to list all spells.
You create a snake!
You now have 10 arrows.
Casting: Sticks to Snakes
Confirm with . or Enter, or press ? or * to list all spells.
You extend your transformation's duration.
Your ball python barely misses the rat.
Your ball python grabs the rat.
Your ball python constricts the rat.
The rat struggles to escape constriction.
Your ball python bites the rat.
The rat dies!
A hobgoblin comes into view.
Found a brown potion.
The hobgoblin shouts!
A quokka comes into view.
Found a faded altar of an unknown god.
You see here a brown potion.
i - 2 brown potions (gained 1)
Something bites your ball python.
Your ball python bites the quokka.
Your ball python closely misses the quokka.
The quokka bites your ball python.
Your ball python misses the quokka.
Your ball python closely misses the quokka.
The quokka bites your ball python.
Your ball python dies!
There is a faded altar of an unknown god here.
You cannot tell which god this altar belongs to.
Convert to them anyway?
Okay, then.
Put on which piece of jewellery? (? for menu, Esc to quit)
You don't have any such object.
Put on which piece of jewellery? (? for menu, Esc to quit)
Okay, then.
You cannot tell which god this altar belongs to.
Convert to them anyway?
Okawaru accepts your prayer! Okawaru welcomes you!
You can now gain great but temporary skills.
Are you sure you want to abandon this character and quit the game? (Confirm with "yes".)

##### ###P..###
#...@...#
#♣...P..#
#.....8♣#
#####r########+##
#.8PP..........PP
∆###...P.....P...
#####....8♣#####
#..###..###....
#...##..#......


You could see a quokka.

Vanquished Creatures
  A hound skeleton (D:3)
  A worm (D:2)
  An orc (D:3)
  A ball python (D:1)
  A goblin (D:2)
  6 hobgoblins
  A quokka (D:2)
  2 frilled lizards (D:2)
  4 kobolds
  2 rats (D:2)
20 creatures vanquished.

Vanquished Creatures (collateral kills)
  An adder (D:2)
  A rat (D:3)
2 creatures vanquished.

Grand Total: 22 creatures vanquished

Notes
Turn   | Place    | Note
-------+----------+-------------------------------------------
     0 | D:1      | tidbits the Gnoll Transmuter began the quest for the Orb.
     0 | D:1      | Reached XP level 1. HP: 17/17 MP: 6/6
   173 | D:2      | Reached XP level 2. HP: 18/23 MP: 5/7
   177 | D:2      | Learned a level 2 spell: Sticks to Snakes
   209 | D:2      | HP: 1/23 [worm (9)]
   296 | D:2      | Reached XP level 3. HP: 9/28 MP: 7/9
   303 | D:2      | Learned a level 3 spell: Spider Form
   316 | D:2      | Reached skill level 5 in Spellcasting
   377 | D:3      | Reached skill level 1 in Invocations
   398 | D:3      | Found a faded altar of an unknown god.
   404 | D:3      | Became a worshipper of Warmaster Okawaru
   404 | D:3      | Reached * piety under Okawaru
   405 | D:3      | Quit the game

Vault maps used:
D:1:      arrival_zaba_pyramid, nrook_mini_backslash
D:2:      xom_teletrap_fun, uniq_natasha
D:3:      cheibrodos_fertilizer, chequers_temple_overflow_minitemple,
          first_ration, chequers_ecumenical_altar_lobes, uniq_purgy

Skill      XL: |  1  2  3 |
---------------+----------+-----
Spellcasting   | 5 |  5.0
Invocations    | 1 |  1.0
Fighting       | |  2.6
Short Blades   | |  0.8
Long Blades    | |  0.8
Axes           | |  0.8
Maces & Flails | |  0.8
Polearms       | |  0.8
Staves         | |  0.8
Slings         | |  0.8
Bows           | |  0.8
Crossbows      | |  0.8
Throwing       | |  0.8
Armour         | |  0.8
Dodging        | |  4.5
Stealth        | |  0.8
Shields        | |  0.8
Unarmed Combat | |  6.5
Conjurations   | |  0.5
Hexes          | |  0.5
Charms         | |  0.5
Summonings     | |  0.5
Necromancy     | |  0.5
Translocations | |  0.5
Transmutations | |  3.7
Fire Magic     | |  0.5
Ice Magic      | |  0.5
Air Magic      | |  0.5
Earth Magic    | |  0.5
Poison Magic   | |  0.5
Evocations     | |  0.8

Action                   || total
-------------------------++-------
Melee: Unarmed           ||    41
       Kick              ||     8
       Punch             ||     2
 Cast: Beastly Appendage ||    11
       Sticks to Snakes  ||     2
       Spider Form       ||     1
  Use: Scroll            ||     2
 Stab: Sleeping          ||     1
Armor: Robe              ||     1
Dodge: Dodged            ||    23

Table legend:
 A = Spawn XP
 B = Non-spawn XP
 C = Spawn XP percentage of total XP
 D = Spawn monster count
 E = Non-spawn monster count
 F = Spawn count percentage of total count
 G = Total turns spent on level
                    A         B        C        D         E        F      G
               +---------+---------+-------+---------+---------+-------+---------
         Total |       0 |      63 |   0.0 |       0 |      22 |   0.0 |   405
               +---------+---------+-------+---------+---------+-------+---------
           D:1 |       0 |       8 |   0.0 |       0 |       4 |   0.0 |   163
           D:2 |       0 |      30 |   0.0 |       0 |      13 |   0.0 |   178
           D:3 |       0 |      25 |   0.0 |       0 |       5 |   0.0 |    64
               +---------+---------+-------+---------+---------+-------+---------

Table legend:
 A = Turns spent in this place as a percentage of turns spent in the entire game.
 B = Non-inter-level travel turns spent in this place as a percentage of non-inter-level travel turns spent in the entire game.
 C = Inter-level travel turns spent in this place as a percentage of turns spent in this place.
 D = Turns resting spent in this place as a percentage of non-inter-level travel turns spent in this place.
 E = Turns spent auto-exploring this place as a percentage of non-inter-level travel turns spent in this place.
 F = Non-inter-level travel turns spent in this place divided by the number of levels of this place that you've seen.
                   A       B       C       D       E      F
               +-------+-------+-------+-------+-------+----------------------
         Total | 100.0 | 100.0 |   0.0 |   0.0 |   0.0 | 135.0
       Dungeon | 100.0 | 100.0 |   0.0 |   0.0 |   0.0 | 135.0
               +-------+-------+-------+-------+-------+----------------------

Table legend:
 A = Kills in this place as a percentage of kills in entire the game.
 B = Kills by you in this place as a percentage of kills by you in the entire game.
 C = Kills by friends in this place as a percentage of kills by friends in the entire game.
 D = Other kills in this place as a percentage of other kills in the entire game.
 E = Experience gained in this place as a percentage of experience gained in the entire game.
 F = Experience gained in this place divided by the number of levels of this place that you have seen.
                   A       B       C       D       E      F
               +-------+-------+-------+-------+-------+----------------------
         Total | 100.0 | 100.0 | 100.0 |   N/A | 100.0 |  21.0
       Dungeon | 100.0 | 100.0 | 100.0 |   N/A | 100.0 |  21.0
               +-------+-------+-------+-------+-------+----------------------

Vault maps used:
D:1:      arrival_zaba_pyramid, nrook_mini_backslash
D:2:      xom_teletrap_fun, uniq_natasha
D:3:      cheibrodos_fertilizer, chequers_temple_overflow_minitemple,
          first_ration, chequers_ecumenical_altar_lobes, uniq_purgy
